 Dungeon Crawl Stone Soup version 0.18.1-8-gdd0e5ea (webtiles) character file.

112 raph the Conjurer (level 4, 0/24 HPs)
             Began as a Deep Elf Conjurer on June 1, 2016.
             Was a Follower of Kikubaaqudgha.
             Slain by a hound (2 damage)
             ... on level 3 of the Dungeon.
             The game lasted 00:06:11 (3003 turns).

raph the Conjurer (Deep Elf Conjurer)               Turns: 3003, Time: 00:06:12

Health: 0/24       AC:  4    Str:  6    XL:     4   Next: 63%
Magic:  7/11       EV: 19    Int: 20    God:    Kikubaaqudgha [*.....]
Gold:   181        SH:  0    Dex: 20    Spells: 5 memorised, 1 level left

rFire  . . .     SeeInvis .     d - +0 short sword
rCold  + . .     Gourm    .     a - +0 robe
rNeg   . . .     Faith    .     (no shield)
rPois  .         Spirit   .     (no helmet)
rElec  .         Dismiss  .     (no cloak)
rCorr  .         Reflect  .     f - +0 pair of gloves
SustAt .         Harm     .     r - +0 pair of boots
MR     .....                    (no amulet)
Stlth  ++++......               l - ring of protection from cold
                                h - ring of wizardry

@: agile, not resistant to hostile enchantments, stealthy
A: no striking features
a: Receive Corpses, Renounce Religion


You were on level 3 of the Dungeon.
You worshipped Kikubaaqudgha.
Kikubaaqudgha was aware of your devotion.
You were not hungry.

You visited 1 branch of the dungeon, and saw 4 of its levels.

You collected 181 gold pieces.

Inventory:

Hand Weapons
 d - a +0 short sword (weapon)
 s - a +0 quarterstaff
Armour
 a - a +0 robe (worn)
 f - a +0 pair of gloves (worn)
 r - a +0 pair of boots (worn)
Jewellery
 h - a ring of wizardry (left hand)
 l - a ring of protection from cold (right hand)
 u - an uncursed ring of positive energy {unknown}
Scrolls
 e - 3 scrolls of remove curse {unknown}
 g - a scroll of blinking {unknown}
 i - 2 scrolls of identify {unknown}
 k - a scroll of recharging {unknown}
 n - a scroll of immolation {unknown}
 o - a scroll of teleportation {unknown}
Potions
 j - a potion of degeneration {unknown}
 m - a potion of brilliance {unknown}
 q - a potion of agility
 v - a potion of curing {unknown}
Books
 b - a book of Conjurations

   Spells                             Type                      Level
   a - Magic Dart                     Conjuration                  1
   b - Searing Ray                    Conjuration                  2
   c - Dazzling Spray                 Conjuration/Hexes            3
   d - Fulminant Prism                Conjuration/Hexes            4
   e - Iskenderun's Mystic Blast      Conjuration                  4
   f - Iskenderun's Battlesphere      Conjuration/Charms           5
 t - Kikubaaqudgha's Reference Book on Black Rituals
   (Kikubaaqudgha gifted it to you on level 3 of the Dungeon)

   Spells                             Type                      Level
   a - Animate Skeleton               Necromancy                   1
   b - Corpse Rot                     Necromancy                   2
   c - Sublimation of Blood           Necromancy                   2
   d - Regeneration                   Charms/Necromancy            3
   e - Control Undead                 Necromancy                   4
Comestibles
 c - 2 bread rations
 p - a meat ration


   Skills:
 + Level 3.2 Dodging
 + Level 3.4 Stealth
 + Level 3.8 Spellcasting
 * Level 5.2 Conjurations
 + Level 1.7 Necromancy


You had one spell level left.
You knew the following spells:

 Your Spells              Type           Power        Failure   Level  Hunger
a - Magic Dart            Conj           ###.         1%          1    None
b - Searing Ray           Conj           ###...       1%          2    ##.....
c - Dazzling Spray        Conj/Hex       ##......     6%          3    ###....
d - Animate Skeleton      Necr           N/A          4%          1    None
e - Sublimation of Blood  Necr           ##........   4%          2    ##.....


Dungeon Overview and Level Annotations

Branches:
Dungeon (4/15)
 Temple: D:4-7

Altars:
Kikubaaqudgha
Trog


Message History

Aim: a jackal (almost dead)
The magic dart hits the jackal.
The jackal is almost dead.
The hound bites you but does no damage. The jackal closely misses you.
The jackal bites you. The hound bites you.
The jackal bites you. x2; The hound bites you.
You climb upwards.
There is a stone staircase leading down here.
The hound bites you.
* * * LOW HITPOINT WARNING * * *
The hound barely misses you.
Drink which item? (? for menu, Esc to quit)
It was a potion of agility.
You feel agile all of a sudden. The jackal misses you.
The hound completely misses you.
Your kobold skeleton closely misses the hound.
The jackal closely misses you. The hound bites you.
You die...
Kikubaaqudgha rasps: "You have failed me!
Welcome... death!"

..................# #.Z#
#####.............## #.##
######..###........##########.#
....##..# ##..%..#[.........#.#
#.......# ##..................#
#.#.###.###.................###
..#..##..##....Z............#
####...#.##...hh............#
####.........h@#..........#
#.............##..........#
#Z##############..........# #Z#
#..........# #.# #..........#
#.# ############ #.# #.# #.#


You could see a hound, 2 jackals and a friendly kobold skeleton.

Vanquished Creatures
  2 adders (D:3)
  2 oozes (D:3)
  2 worms
  3 dart slugs
  A giant gecko (D:3)
  6 orcs
  4 bats
  3 giant cockroaches
  9 goblins
  8 hobgoblins
  14 kobolds
  2 quokkas (D:2)
  A giant newt (D:2)
  8 rats
65 creatures vanquished.

Notes
Turn   | Place    | Note
--------------------------------------------------------------
     0 | D:1      | raph the Deep Elf Conjurer began the quest for the Orb.
     0 | D:1      | Reached XP level 1. HP: 10/10 MP: 6/6
   282 | D:1      | Reached XP level 2. HP: 12/15 MP: 4/8
   320 | D:1      | Learned a level 2 spell: Searing Ray
   990 | D:2      | Found an ancient bone altar of Kikubaaqudgha.
  1002 | D:2      | Became a worshipper of Kikubaaqudgha
  1164 | D:2      | Reached XP level 3. HP: 19/19 MP: 7/10
  1214 | D:2      | Learned a level 3 spell: Dazzling Spray
  1250 | D:2      | Noticed Ijyb
  1877 | D:3      | Reached skill level 5 in Conjurations
  1919 | D:3      | Reached * piety under Kikubaaqudgha
  1919 | D:3      | Received a gift from Kikubaaqudgha
  1920 | D:3      | Identified Kikubaaqudgha's Reference Book on Black Rituals (Kikubaaqudgha gifted it to you on level 3 of the Dungeon)
  1923 | D:3      | Learned a level 1 spell: Animate Skeleton
  1926 | D:3      | Learned a level 2 spell: Sublimation of Blood
  2129 | D:3      | Reached skill level 1 in Necromancy
  2141 | D:3      | Reached XP level 4. HP: 23/24 MP: 4/11
  2588 | D:3      | Found a bloodstained altar of Trog.
  2588 | D:3      | Noticed an eye of draining
  2589 | D:3      | Noticed an eye of draining
  3003 | D:3      | Slain by a hound

Skill      XL: |  1  2  3 |
---------------+----------+-----
Stealth        | 3 |  3.4
Dodging        | 3 |  3.2
Conjurations   | 5 |  5.2
Necromancy     | 1 |  1.7
Spellcasting   | |  3.8

Action                   |  1- 3 |  4- 6 || total
-------------------------+-------+-------++-------
Melee: Short sword       |     6 |     9 ||    15
 Cast: Magic Dart        |    88 |    42 ||   130
       Animate Skeleton  |     7 |     4 ||    11
       Searing Ray       |     1 |     2 ||     3
       Dazzling Spray    |     1 |     1 ||     2
  Use: Potion            |       |     1 ||     1
 Stab: Sleeping          |     2 |       ||     2
  Eat: Chunk             |     4 |     2 ||     6
Armor: Robe              |     6 |     2 ||     8
Dodge: Dodged            |    16 |    25 ||    41
